Map: Emerald City LE

Players

MicroDouglas - Winner!

  • Race: Terran Terran
  • Spawn Location: 5:00

MicroBolton - Winner!

  • Race: Terran Terran
  • Spawn Location: 5:00

qqq

  • Race: Zerg Zerg
  • Spawn Location: 11:00

Massa

  • Race: Terran Terran
  • League: Platinum
  • Spawn Location: 11:00

VOD

Have the link to the VOD?

Description

Time

  • Played on: Feb. 28, 2021, 9:57 a.m.
  • Length: 16:17
Show
View Real Time Build Order
Export as new Build Order

MicroDouglas Terran - Winner!

Build Orders: 2 Factory, Cyclone Opening 

Get SALT Encoding   

  12  0:00  SCV  
  13  0:12  SCV  
  14  0:17  Supply Depot  
  14  0:25  Refinery  
  14  0:28  SCV  
  15  0:43  Barracks  
  15  0:46  SCV  
  16  0:58  SCV  
  17  1:11  SCV  
  18  1:23  SCV  
  18  1:38  Orbital Command  
  18  1:40  Factory  
  18  1:56  Command Center  
  18  2:00  Barracks Tech Lab  
  18  2:10  SCV  
  18  2:15  Refinery  
  19  2:21  Supply Depot  
  19  2:33  Cyclone  
  19  2:36  SCV  
  23  2:51  SCV, Factory  
  24  3:00  Supply Depot  
  24  3:04  SCV  
  24  3:05  Cyclone  
  28  3:14  Barracks Reactor  
  28  3:17  Orbital Command  
  28  3:25  SCV  
  29  3:36  Hellion  
  29  3:38  Orbital Command, Cyclone  
  34  4:05  SCV x2  
  34  4:09  Hellion x2  
  40  4:10  Refinery  
  40  4:16  Supply Depot x2  
  40  4:18  Cyclone  
  43  4:25  SCV x2  
  43  4:31  Infernal Pre-Igniter  
  45  4:38  SCV x2  
  47  4:50  SCV x2  
  49  4:53  Engineering Bay  
  49  5:04  Cyclone  
  49  5:06  Hellion x2  
  56  5:26  Sensor Tower  
  56  5:33  SCV x2  
  58  5:36  Refinery  
  58  5:39  Siege Tank  
  58  5:40  Widow Mine  
  58  5:41  Widow Mine  
  65  5:45  SCV x2  
  65  5:46  Missile Turret  
  65  5:49  Armory  
  67  5:54  Mag-Field Accelerator  
  67  5:57  SCV x2  
  69  6:09  SCV  
  70  6:15  Factory Tech Lab  
  70  6:17  Starport  
  70  6:29  Missile Turret, Siege Tank  
  73  6:41  SCV x2  
  75  6:53  Missile Turret  
  75  6:55  Missile Turret  
  75  6:59  Hi-Sec Auto Tracking  
  75  7:01  Missile Turret  
  75  7:02  Missile Turret x2  
  75  7:03  Missile Turret  
  75  7:04  Command Center  
  75  7:08  Armory  
  75  7:14  Siege Tank  
  78  7:26  Siege Tank  
  76  7:34  SCV x2  
  78  7:45  Supply Depot  
  78  7:46  SCV  
  78  7:47  Supply Depot  
  78  7:49  Drilling Claws  
  79  7:51  Smart Servos  
  79  7:54  Siege Tank  
  82  8:00  Terran Vehicle And Ship Armor Level 1, Terran Vehicle Weapons Level 1  
  82  8:36  Liberator x2  
  88  8:43  Orbital Command  
  88  8:50  Siege Tank x2  
  88  8:55  Supply Depot x2  
  94  9:01  Supply Depot  
  94  9:03  Command Center  
  94  9:04  SCV x2  
  96  9:11  Fusion Core  
  96  9:29  Siege Tank x2  
  96  9:30  Liberator  
  96  9:31  Liberator  
  108  9:39  Orbital Command  
  108  9:44  Refinery  
  108  9:46  Refinery  
  108  10:06  SCV  
  109  10:09  Siege Tank x2  
  115  10:16  Terran Vehicle Weapons Level 2, Command Center  
  115  10:23  Terran Vehicle And Ship Armor Level 2  
  115  10:40  Advanced Ballistics  
  115  10:43  SCV x2  
  115  10:44  Orbital Command  
  117  11:17  Siege Tank x2  
  123  11:40  Factory  
  123  11:42  Factory  
  123  11:49  Orbital Command  
  123  11:53  Sensor Tower  
  123  11:58  Command Center  
  123  11:59  Siege Tank x2  
  129  12:06  Liberator x2  
  135  12:14  Missile Turret  
  135  12:35  Missile Turret  
  131  12:45  Factory Tech Lab x2  
  128  12:55  Siege Tank x2  
  128  12:56  Liberator  
  128  12:57  Liberator  
  137  13:13  Missile Turret  
  137  13:18  Missile Turret  
  137  13:20  Missile Turret  
  137  13:22  SCV x2  
  137  13:23  SCV x3  
  142  13:31  Siege Tank x2  
  142  13:32  Thor x2  
  160  13:34  SCV x2  
  160  13:35  SCV x2  
  160  13:38  Terran Vehicle And Ship Armor Level 3, Terran Vehicle Weapons Level 3  
  160  13:39  Missile Turret  
  164  13:42  Missile Turret  
  164  13:50  Planetary Fortress  
  164  13:53  Refinery x2  
  153  14:11  Siege Tank x2  
  137  14:31  Liberator x2  
  143  14:39  Siege Tank x2  
  147  14:49  SCV  
  147  14:50  SCV x4  
  152  15:01  SCV  
  152  15:03  Factory  
  152  15:06  Factory  
  153  15:13  Siege Tank x2  
  169  15:51  Factory Reactor  
  169  15:53  Factory Reactor  
Show
View Real Time Build Order
Export as new Build Order

MicroBolton Terran - Winner!

Build Orders: 2 Factory, Reaper Expand 

Get SALT Encoding   

  12  0:01  SCV  
  13  0:13  SCV  
  14  0:19  Supply Depot  
  14  0:26  SCV  
  15  0:41  Refinery  
  15  0:43  Barracks  
  15  0:47  SCV  
  16  0:59  SCV  
  17  1:11  SCV  
  18  1:23  SCV  
  19  1:31  Reaper  
  19  1:41  Command Center  
  19  1:47  SCV  
  20  1:59  Orbital Command  
  20  2:05  Barracks Reactor  
  20  2:11  Refinery  
  20  2:22  Factory  
  20  2:26  SCV  
  21  2:38  SCV  
  22  2:50  SCV  
  23  2:55  Orbital Command  
  23  3:02  SCV  
  24  3:09  Factory  
  24  3:14  Orbital Command, SCV  
  24  3:15  Hellion x2  
  24  3:16  Barracks Tech Lab  
  29  3:26  SCV  
  30  3:36  Supply Depot  
  30  3:39  SCV  
  31  3:42  Hellion x2  
  35  3:51  SCV  
  35  3:53  SCV  
  37  4:03  SCV, Hellion  
  37  4:04  Hellion  
  37  4:05  SCV  
  43  4:11  Supply Depot  
  43  4:13  Infernal Pre-Igniter  
  43  4:15  SCV  
  44  4:18  Hellion  
  46  4:25  Supply Depot  
  46  4:32  SCV x2  
  48  4:40  Hellion x2  
  48  4:44  SCV x2  
  54  4:48  Command Center  
  54  4:54  Factory  
  54  4:55  Barracks Tech Lab  
  54  4:56  SCV  
  54  4:58  Factory  
  55  5:01  SCV  
  56  5:09  Refinery, SCV  
  56  5:11  Refinery  
  56  5:13  SCV  
  58  5:17  Engineering Bay  
  58  5:21  SCV  
  59  5:25  SCV  
  60  5:32  Mag-Field Accelerator  
  60  5:33  SCV  
  61  5:37  SCV  
  61  5:41  Factory Tech Lab  
  62  5:48  Armory  
  62  5:50  Supply Depot  
  62  5:51  Supply Depot  
  62  5:59  SCV x2  
  62  6:02  Missile Turret x2  
  64  6:09  Orbital Command  
  64  6:11  SCV  
  64  6:13  Missile Turret  
  63  6:18  Armory  
  63  6:21  Cyclone x3  
  68  6:32  Orbital Command  
  68  6:44  SCV x2  
  70  6:49  Missile Turret  
  70  6:50  Terran Vehicle Weapons Level 1  
  70  6:53  Thor x2  
  82  7:00  SCV x3  
  85  7:05  Missile Turret  
  72  7:12  SCV  
  73  7:22  Thor  
  79  7:31  SCV x2  
  79  7:33  Refinery  
  79  7:34  Refinery  
  79  7:35  Hellion x2  
  79  7:36  Hellion, Thor  
  93  7:53  Sensor Tower  
  93  7:58  Supply Depot  
  93  8:04  Supply Depot  
  93  8:05  Supply Depot  
  93  8:06  Supply Depot  
  93  8:13  Factory  
  93  8:14  Factory  
  93  8:20  SCV x2, Siege Tank x2  
  93  8:25  SCV  
  102  8:27  Supply Depot  
  102  8:30  Terran Vehicle And Ship Armor Level 1  
  102  8:32  SCV x2  
  102  8:34  Supply Depot  
  104  8:36  Siege Tank  
  104  8:38  SCV  
  108  8:44  Hellion x2  
  108  8:48  SCV x2  
  114  8:50  SCV  
  114  8:52  Hellion x2  
  119  8:56  Starport  
  119  9:00  Starport, SCV, Factory Tech Lab  
  119  9:01  Factory Tech Lab  
  120  9:06  Command Center  
  120  9:15  Sensor Tower  
  120  9:37  SCV  
  121  9:39  Starport Reactor  
  121  9:43  Starport  
  121  9:49  Siege Tank x3  
  121  9:52  SCV x2  
  130  9:53  Starport Reactor  
  130  9:56  Terran Ship Weapons Level 1  
  130  10:13  Refinery  
  130  10:16  Refinery  
  130  10:19  Command Center, Missile Turret  
  130  10:20  Missile Turret  
  130  10:22  Hellion x2, Liberator  
  130  10:23  Liberator  
  130  10:24  Terran Vehicle Weapons Level 2, Command Center, Starport Reactor  
  130  10:26  Sensor Tower  
  140  10:36  Liberator x2  
  140  10:39  Supply Depot  
  140  10:41  Fusion Core  
  146  10:44  Supply Depot x2  
  146  10:46  Missile Turret  
  146  10:47  Missile Turret  
  146  10:55  Planetary Fortress  
  146  11:08  Viking x2  
  146  11:09  Viking x2  
  154  11:19  Viking x2  
  158  11:28  Missile Turret  
  158  11:30  Missile Turret  
  158  11:31  Advanced Ballistics, Missile Turret  
  158  11:34  Hi-Sec Auto Tracking  
  158  11:37  SCV  
  158  11:38  Viking  
  158  11:39  Viking  
  163  11:41  Orbital Command  
  163  11:42  Orbital Command  
  163  11:47  Viking x2  
  163  11:49  Viking x2  
  171  12:01  Terran Ship Weapons Level 2  
  171  12:14  Viking  
  171  12:15  Viking  
  175  12:17  Command Center, Viking x2  
  179  12:31  Neosteel Armor  
  179  12:44  Viking  
  181  12:45  Viking x3  
  181  12:47  Viking x2  
  191  13:09  Terran Vehicle And Ship Armor Level 2, Starport  
  191  13:14  Viking  
  191  13:15  Viking  
  195  13:23  Refinery  
  195  13:27  Refinery  
  195  13:42  Planetary Fortress  
  186  14:02  Viking x5  
  168  14:08  Viking  
  121  14:26  Thor x2  
  121  14:27  Thor x3  
  151  14:32  Viking x3  
  157  14:42  Missile Turret  
  157  14:43  Hellion x2, Missile Turret  
  161  14:56  Command Center  
  161  14:58  Viking  
  161  14:59  Liberator  
  166  15:02  Sensor Tower, Liberator, Missile Turret  
  166  15:03  Liberator  
  166  15:04  Hellion, Command Center  
  166  15:06  Starport Reactor  
  174  15:09  Siege Tank  
  174  15:10  Siege Tank x2  
  174  15:13  Missile Turret  
  183  15:18  Siege Tank  
  183  15:19  Siege Tank  
Show
View Real Time Build Order
Export as new Build Order

qqq Zerg 

Build Orders: Hatch First, Brood Lord Corruptor 

Get SALT Encoding   

  12  0:01  Drone  
  13  0:08  Drone  
  14  0:19  Overlord  
  14  0:46  Hatchery  
  13  0:50  Drone  
  13  0:53  Drone  
  15  0:58  Extractor  
  15  1:02  Drone  
  15  1:06  Drone  
  16  1:27  Spawning Pool  
  15  1:38  Drone x2  
  15  1:39  Drone  
  18  1:56  Drone  
  19  2:05  Drone  
  19  2:08  Drone  
  21  2:14  Queen x2  
  25  2:18  Drone  
  26  2:25  Overlord  
  26  2:34  Drone  
  26  2:36  Metabolic Boost  
  27  2:41  Drone  
  27  2:44  Drone  
  27  2:46  Drone  
  29  2:54  Lair  
  29  3:00  Extractor  
  29  3:05  Zergling x4  
  30  3:06  Zergling x2  
  30  3:07  Zergling x2  
  30  3:10  Zergling x2  
  33  3:16  Drone  
  33  3:19  Drone x2  
  36  3:40  Overlord  
  36  3:47  Hatchery  
  35  3:49  Drone  
  36  3:56  Spire  
  36  3:59  Drone  
  36  4:01  Drone  
  36  4:05  Zergling x2  
  37  4:15  Drone  
  37  4:16  Zergling x4  
  40  4:19  Zergling x2  
  41  4:43  Hatchery  
  41  4:44  Drone x2  
  41  4:45  Drone x2  
  44  4:47  Overlord  
  45  5:09  Mutalisk x3  
  45  5:10  Hatchery, Mutalisk  
  52  5:27  Overlord x5  
  50  5:36  Extractor x2, Mutalisk  
  50  5:41  Overlord  
  50  5:53  Drone  
  50  5:54  Drone x2  
  53  6:02  Mutalisk  
  55  6:04  Hatchery  
  55  6:09  Infestation Pit  
  53  6:14  Drone  
  53  6:15  Drone x3  
  52  6:26  Mutalisk x2  
  54  6:36  Mutalisk  
  54  6:37  Mutalisk  
  58  6:42  Drone  
  59  6:50  Drone x4  
  63  6:55  Zerg Flyer Weapons Level 1  
  63  7:13  Mutalisk  
  63  7:14  Mutalisk  
  67  7:27  Mutalisk  
  67  7:28  Mutalisk  
  55  7:30  Drone x7  
  55  7:31  Drone x2  
  55  7:35  Drone  
  55  7:36  Drone  
  66  7:44  Hive  
  66  7:46  Drone  
  66  7:51  Spine Crawler  
  66  7:53  Mutalisk  
  68  8:09  Mutalisk x2  
  68  8:10  Drone x2  
  68  8:11  Drone x6  
  80  8:18  Drone x2, Spine Crawler  
  80  8:19  Drone  
  82  8:34  Spore Crawler  
  82  8:35  Spore Crawler x2  
  79  8:45  Corruptor x3  
  79  8:46  Drone x2  
  79  8:47  Drone x6  
  93  8:55  Greater Spire  
  93  9:00  Extractor x2  
  91  9:03  Drone x4, Spine Crawler, Extractor  
  91  9:04  Drone x3, Extractor  
  95  9:11  Corruptor  
  95  9:13  Corruptor  
  99  9:21  Drone x2, Spine Crawler  
  99  9:22  Drone x2  
  99  9:23  Drone  
  103  9:28  Overlord  
  103  9:31  Overlord  
  103  9:32  Overlord  
  103  9:37  Spine Crawler, Queen  
  104  9:43  Overlord x5  
  104  10:01  Corruptor x2  
  104  10:06  Hatchery  
  107  10:10  Spine Crawler  
  107  10:11  Spine Crawler  
  105  10:17  Spine Crawler  
  104  10:24  Drone x3, Corruptor  
  104  10:27  Brood Lord x4  
  117  10:29  Brood Lord  
  117  10:33  Zerg Flyer Armor Level 1  
  119  10:38  Drone x3  
  119  10:39  Viper  
  125  10:43  Viper  
  125  10:47  Drone x2  
  125  10:48  Drone x2  
  132  11:15  Corruptor x4  
  136  11:21  Brood Lord  
  138  11:26  Drone  
  138  11:27  Drone x7  
  138  11:28  Drone x2  
  148  11:36  Brood Lord x2, Corruptor  
  148  11:39  Corruptor  
  156  11:47  Pneumatized Carapace  
  156  11:49  Overseer  
  156  11:51  Drone x2  
  158  11:55  Drone, Spine Crawler x2  
  158  11:56  Drone, Spine Crawler  
  158  11:58  Corruptor x2  
  161  12:06  Spire  
  160  12:12  Overlord x2, Corruptor  
  162  12:17  Overlord x4  
  162  12:18  Overlord  
  162  12:19  Corruptor x2  
  166  12:27  Zerg Flyer Weapons Level 2  
  166  12:34  Corruptor x2  
  170  12:53  Corruptor x5  
  170  12:55  Corruptor  
  168  13:10  Extractor x2  
  166  13:20  Corruptor x4  
  166  13:21  Corruptor  
  166  13:23  Zergling x16  
  166  13:24  Zergling x4  
  186  13:29  Zerg Flyer Armor Level 2  
  149  14:03  Corruptor x4  
  149  14:04  Corruptor x3  
  142  14:16  Corruptor  
  124  14:17  Corruptor x2  
  124  14:18  Zergling x4  
  124  14:19  Zergling x4  
  114  14:31  Corruptor  
  114  14:32  Corruptor x2  
  114  14:34  Drone x2  
  114  14:35  Drone x3  
  125  14:47  Brood Lord  
  125  14:48  Brood Lord  
  125  14:49  Corruptor x2  
  133  14:55  Zergling x10  
  133  14:56  Zergling x10  
  143  15:18  Spine Crawler  
  142  15:22  Evolution Chamber x2  
  142  15:24  Ultralisk Cavern  
  135  15:45  Corruptor  
  135  15:46  Corruptor x8  
Show
View Real Time Build Order
Export as new Build Order

Massa Terran 

Build Orders:  

Get SALT Encoding   

  12  0:00  SCV  
  13  0:13  SCV  
  14  0:20  Supply Depot  
  14  0:25  SCV  
  15  0:42  SCV, Barracks  
  16  0:46  Refinery  
  16  0:54  SCV  
  17  1:06  SCV  
  18  1:19  SCV  
  19  1:31  SCV  
  20  1:39  Reaper  
  21  1:43  Orbital Command  
  21  1:48  Command Center  
  21  2:02  Supply Depot  
  21  2:11  SCV  
  21  2:15  Factory, Marine  
  23  2:34  SCV  
  24  2:50  Barracks Reactor  
  24  2:51  SCV  
  24  2:56  Refinery  
  25  3:01  Orbital Command  
  25  3:03  SCV  
  26  3:06  Hellion  
  26  3:08  Refinery  
  28  3:21  SCV, Supply Depot  
  29  3:27  Hellion  
  29  3:29  SCV  
  29  3:31  Marine x2  
  29  3:34  SCV  
  35  3:39  Starport  
  35  3:41  SCV  
  35  3:43  Barracks  
  35  3:57  Barracks Tech Lab  
  35  3:58  Hellion x2  
  35  3:59  SCV  
  35  4:00  SCV  
  41  4:11  SCV  
  41  4:15  Engineering Bay  
  41  4:16  Barracks  
  42  4:19  Hellion x2  
  48  4:24  Marauder  
  48  4:26  Stimpack  
  48  4:30  Starport Tech Lab  
  48  4:32  Barracks Reactor  
  48  4:37  SCV x2  
  50  4:44  Missile Turret  
  50  4:46  Missile Turret  
  50  4:47  Terran Infantry Weapons Level 1  
  50  4:49  SCV x2  
  52  4:58  Raven  
  54  5:06  Barracks, Supply Depot  
  54  5:08  Barracks Reactor  
  54  5:09  Factory Tech Lab  
  54  5:11  Supply Depot  
  54  5:12  Supply Depot  
  54  5:28  SCV, Siege Tank  
  58  5:35  Marauder, Supply Depot  
  60  5:36  Marine x2, Supply Depot x2  
  60  5:41  Medivac  
  64  5:50  Marine x2  
  64  5:54  Marine x2  
  64  5:56  Marine  
  64  5:57  Marauder  
  71  5:59  Marine  
  71  6:00  Supply Depot  
  71  6:03  Widow Mine  
  74  6:08  Marine x2  
  76  6:12  Armory, Marine  
  76  6:14  SCV  
  78  6:21  Marine x3  
  83  6:26  Widow Mine  
  83  6:33  Combat Shield  
  83  6:41  Terran Infantry Armor Level 1  
  83  6:50  Marauder  
  83  6:51  Marine x3  
  83  6:52  SCV x2  
  90  7:04  SCV  
  89  7:11  Marauder, Command Center  
  89  7:26  Marine x2  
  89  7:27  Marine x4  
  93  7:32  Medivac  
  93  7:33  Marauder  
  97  7:44  SCV x2, Marine x2  
  98  7:49  Refinery  
  101  7:54  Marauder  
  101  7:56  SCV x2  
  105  8:02  Medivac  
  107  8:08  SCV x2  
  107  8:10  Command Center  
  109  8:22  Marauder  
  111  8:31  Medivac  
  113  8:54  Terran Infantry Weapons Level 2  
  113  8:56  Planetary Fortress  
  113  8:58  SCV x2, Missile Turret  
  113  8:59  Missile Turret  
  115  9:05  Thor  
  115  9:06  Smart Servos, Missile Turret  
  115  9:08  Missile Turret  
  115  9:09  Raven  
  121  9:10  SCV x2  
  125  9:19  Engineering Bay  
  125  9:20  Supply Depot  
  125  9:21  Marine x4, Supply Depot  
  125  9:22  Marauder  
  125  9:23  Supply Depot  
  125  9:24  Supply Depot  
  131  9:25  Supply Depot  
  121  9:34  Planetary Fortress  
  121  9:37  SCV x3  
  124  9:44  Supply Depot  
  124  9:47  Supply Depot  
  124  9:48  Thor  
  124  9:49  SCV, Supply Depot  
  124  9:52  Supply Depot  
  131  9:55  Refinery  
  131  9:56  SCV x2  
  131  9:58  Refinery  
  131  10:01  SCV  
  131  10:03  Missile Turret  
  131  10:07  Missile Turret  
  132  10:08  SCV x2, Missile Turret  
  132  10:13  Supply Depot  
  134  10:16  SCV x2  
  134  10:20  SCV x2  
  138  10:25  Terran Infantry Armor Level 2, Drilling Claws, Terran Vehicle And Ship Armor Level 1, Missile Turret  
  138  10:28  SCV x2  
  140  10:34  Marauder  
  140  10:35  Thor  
  142  10:40  Factory x2  
  148  10:44  Refinery  
  148  10:46  SCV x4  
  148  10:47  Refinery  
  152  10:55  Marauder  
  153  11:10  Missile Turret  
  153  11:16  Marauder  
  148  11:21  Thor  
  148  11:24  Factory Tech Lab x2  
  154  11:31  Refinery  
  154  11:32  Sensor Tower  
  154  11:37  Sensor Tower  
  154  11:48  Sensor Tower  
  154  11:49  SCV x2  
  154  11:50  SCV x2  
  158  11:55  Thor x2  
  158  11:56  Command Center  
  170  12:04  Thor  
  170  12:05  Armory  
  176  12:10  Supply Depot  
  176  12:13  Supply Depot  
  176  12:20  Marauder  
  176  12:34  Thor x6  
  176  12:36  Supply Depot  
  170  12:37  Barracks  
  170  12:38  Barracks  
  170  12:39  Barracks  
  170  12:40  Barracks  
  170  12:41  Marauder  
  172  12:45  SCV x4  
  176  12:52  Missile Turret  
  176  12:57  SCV x2  
  178  12:59  Thor x3  
  196  13:22  Marauder  
  196  13:26  Barracks Tech Lab x2  
  198  13:27  Barracks Tech Lab x2  
  196  13:43  Marauder  
  187  14:05  Marauder  
  165  14:11  Thor x3  
  144  14:21  Marauder x3  
  144  14:22  Marauder, Marine x6  
  126  14:26  Marauder  
  126  14:30  Planetary Fortress  
  116  14:33  SCV x4  
  118  14:39  Marine  
  118  14:40  Marine x2  
  118  14:43  Marauder x2  
  118  14:44  Concussive Shells  
  118  14:45  Marauder x2  
  126  14:46  Marine  
  126  14:47  Marauder  
  126  14:48  Command Center  
  129  14:53  Thor  
  129  14:54  Thor x2  
  147  15:04  Marauder x2  
  147  15:05  Marine x2  
  147  15:06  Marine  
  147  15:07  Marauder x2  
  158  15:09  Marauder  
  160  15:26  Marauder x2  
  153  15:33  Missile Turret  
  153  15:34  Missile Turret x2  
  153  15:35  Refinery x2  
  171  15:50  Marauder x4  
  171  15:51  Marauder  
Tags
 
Add a new tag
Caveats
  • Supply blocks, unpowered buildings, or Contaminate may cause inaccurate times.
  • Supply counts are checked every 10 seconds.